| TOP OF THE 1ST |
|
San Francisco Giants batting - Pitching for Pittsburgh Pirates : RHP Ian Toney
|
|
Pitching: RHP Ian Toney
|
|
|
Batting: RHB Nick Rigden
|
0-0: Called Strike 0-1: Fly out, F7 (Flyball, 7, EV 85.0 MPH)
|
|
Batting: RHB Nate Hodson
|
0-0: Ball 1-0: Ball 2-0: Ball 3-0: Base on Balls
|
|
Batting: LHB Carey Horncole
|
0-0: Foul Ball, location: 2F 0-1: Ball 1-1: SINGLE (Flyball, 8RS, EV 95.0 MPH) Nate Hodson to second Runner from 2nd tries for 3rd, SAFE, throw by CF made to third
|
|
Batting: SHB Ryan Doss
|
0-0: Ball 1-0: Foul Ball, location: 2F 1-1: Ball 2-1: Called Strike 2-2: 3-RUN HOME RUN (Flyball, 89XD, EV 105.6 MPH), Distance : 447 ft
|
|
Batting: LHB John Blair
|
0-0: Ball 1-0: Ground out 5-3 (Groundball, 5, EV 76.2 MPH)
|
|
Batting: LHB Kevin Kantor
|
0-0: Ground out 4-3 (Groundball, 4M, EV 85.0 MPH)
|
| Top of the 1st over - 3 runs, 2 hits, 0 errors, 0 left on base; San Francisco 3 - Pittsburgh 0 |
| BOTTOM OF THE 1ST |
|
Pittsburgh Pirates batting - Pitching for San Francisco Giants : RHP Josh Lister
|
|
Pitching: RHP Josh Lister
|
|
|
Batting: RHB Chiel Palstermans
|
0-0: Fly out, F8 (Flyball, 89M, EV 81.2 MPH)
|
|
Batting: LHB Xavier Pittman
|
0-0: Ball 1-0: Ball 2-0: Ball 3-0: Swinging Strike 3-1: Base on Balls
|
|
Batting: SHB Marvin McAleer
|
0-0: Ground out 4-3 (Groundball, 34D, EV 104.4 MPH) Xavier Pittman to second
|
|
Batting: LHB Micah Boshnjaku
|
0-0: Ball 1-0: Foul Ball, location: 2F 1-1: Foul Ball, location: 2F 1-2: Fly out, F8 (Line Drive, 8RD, EV 98.1 MPH)
|
| Bottom of the 1st over - 0 runs, 0 hits, 0 errors, 1 left on base; San Francisco 3 - Pittsburgh 0 |
| TOP OF THE 2ND |
|
San Francisco Giants batting - Pitching for Pittsburgh Pirates : RHP Ian Toney
|
|
Batting: LHB Ryan Braden
|
0-0: Foul Ball, location: 2F 0-1: Foul Ball, location: 2F 0-2: Ground out U3 (Groundball, 3, EV 79.4 MPH)
|
|
Batting: RHB John Creel
|
0-0: Called Strike 0-1: Foul Ball, location: 2F 0-2: Ball 1-2: Ground out 3-1 (Groundball, 34S, EV 77.5 MPH)
|
|
Batting: LHB Jared Paige
|
0-0: Foul Ball, location: 2F 0-1: Ball 1-1: Called Strike 1-2: Strikes out swinging
|
| Top of the 2nd over - 0 runs, 0 hits, 0 errors, 0 left on base; San Francisco 3 - Pittsburgh 0 |
| BOTTOM OF THE 2ND |
|
Pittsburgh Pirates batting - Pitching for San Francisco Giants : RHP Josh Lister
|
|
Batting: SHB Jack Andrews
|
0-0: Ball 1-0: Called Strike 1-1: Foul Ball, location: 2F 1-2: DOUBLE (Groundball, 3L, EV 103.1 MPH)
|
|
Batting: LHB Chris Salim
|
0-0: Ball 1-0: Swinging Strike 1-1: Ball 2-1: DOUBLE (Flyball, 78XD, EV 101.9 MPH) Jack Andrews scores
|
|
Batting: RHB Andrew Robinson
|
0-0: Foul Ball, location: 2F 0-1: Ball 1-1: Ball 2-1: Ball 3-1: Called Strike 3-2: DOUBLE (Flyball, 8RXD, EV 105.6 MPH) Chris Salim scores
|
|
Batting: RHB Jason Moss
|
0-0: Ball 1-0: Swinging Strike 1-1: Called Strike 1-2: Ball 2-2: Foul Ball, location: 2F 2-2: Ball 3-2: Foul Ball, location: 2F 3-2: Strikes out looking
|
|
Batting: SHB Brad Day
|
0-0: Ball 1-0: Called Strike 1-1: Foul Ball, location: 2F 1-2: Ball 2-2: Ball 3-2: Base on Balls
|
|
Batting: RHB Chiel Palstermans
|
0-0: Called Strike Andrew Robinson steals 3rd base (no throw) Brad Day to second 0-1: Fly out, F8 (Flyball, 8RD, EV 106.9 MPH) Runner from 3rd tags up, SCORES, throw by CF Brad Day to third
|
|
Batting: LHB Xavier Pittman
|
0-0: Foul Ball, location: 2F 0-1: Ground out 4-3 (Groundball, 4D, EV 100.0 MPH)
|
| Bottom of the 2nd over - 3 runs, 3 hits, 0 errors, 1 left on base; San Francisco 3 - Pittsburgh 3 |
| TOP OF THE 3RD |
|
San Francisco Giants batting - Pitching for Pittsburgh Pirates : RHP Ian Toney
|
|
Batting: RHB Nick Rigden
|
0-0: Called Strike 0-1: Ball 1-1: Ball 2-1: Ground out 3-1 (Groundball, 34S, EV 68.1 MPH)
|
|
Batting: RHB Nate Hodson
|
0-0: SINGLE (Groundball, 34D, EV 105.6 MPH)
|
|
Batting: LHB Carey Horncole
|
0-0: Ball 1-0: Called Strike 1-1: Ball 2-1: Swinging Strike 2-2: Ball 3-2: Base on Balls Nate Hodson to second
|
|
Batting: SHB Ryan Doss
|
0-0: Called Strike 0-1: DOUBLE (Groundball, 5L, EV 105.0 MPH) Nate Hodson scores Carey Horncole to third
|
|
Batting: LHB John Blair
|
0-0: Foul Ball, location: 2F 0-1: Swinging Strike 0-2: Foul Ball, location: 2F 0-2: Ball 1-2: Strikes out swinging
|
|
Batting: LHB Kevin Kantor
|
0-0: Ball 1-0: Foul Ball, location: 2F 1-1: Called Strike 1-2: Foul Ball, location: 2F 1-2: Strikes out swinging
|
| Top of the 3rd over - 1 run, 2 hits, 0 errors, 2 left on base; San Francisco 4 - Pittsburgh 3 |
| BOTTOM OF THE 3RD |
|
Pittsburgh Pirates batting - Pitching for San Francisco Giants : RHP Josh Lister
|
|
Batting: SHB Marvin McAleer
|
0-0: Fly out, F7 (Flyball, 78M, EV 85.0 MPH)
|
|
Batting: LHB Micah Boshnjaku
|
0-0: Called Strike 0-1: Called Strike 0-2: Ball 1-2: Ball 2-2: Ball 3-2: Base on Balls
|
|
Batting: SHB Jack Andrews
|
0-0: Called Strike 0-1: Ball 1-1: Called Strike 1-2: Foul Ball, location: 2F 1-2: Hit by Pitch Micah Boshnjaku to second
|
|
Batting: LHB Chris Salim
|
0-0: Called Strike 0-1: Ball 1-1: Ball 2-1: Foul Ball, location: 2F 2-2: Foul Ball, location: 2F 2-2: Ball 3-2: Foul Ball, location: 2F 3-2: 3-RUN HOME RUN (Flyball, 9D, EV 94.4 MPH), Distance : 370 ft
|
|
Pitching: RHP Curt Howland
|
|
|
Batting: RHB Andrew Robinson
|
0-0: Swinging Strike 0-1: Ball 1-1: Ball 2-1: Called Strike 2-2: Strikes out swinging
|
|
Batting: RHB Jason Moss
|
0-0: Called Strike 0-1: Called Strike 0-2: Ball 1-2: Foul Ball, location: 2F 1-2: Ball 2-2: Ball 3-2: SINGLE (Groundball, 56D, EV 98.8 MPH)
|
|
Batting: SHB Brad Day
|
0-0: Ball Jason Moss is caught stealing 2nd base 2-6
|
| Bottom of the 3rd over - 3 runs, 2 hits, 0 errors, 0 left on base; San Francisco 4 - Pittsburgh 6 |
| TOP OF THE 4TH |
|
San Francisco Giants batting - Pitching for Pittsburgh Pirates : RHP Ian Toney
|
|
Batting: LHB Ryan Braden
|
0-0: Ball 1-0: Called Strike 1-1: Ball 2-1: Ball 3-1: Base on Balls
|
|
Batting: RHB John Creel
|
0-0: Ball 1-0: Sac Bunt to 2R - play at first, batter OUT! 2-3 Ryan Braden to second
|
|
Batting: LHB Jared Paige
|
0-0: Called Strike 0-1: Ball 1-1: Foul Ball, location: 2F 1-2: 2-RUN HOME RUN (Line Drive, 9LD, EV 98.1 MPH), Distance : 350 ft
|
|
Pitching: LHP Tim Wichman
|
|
|
Pinch Hitting: RHB Hugo Zacarias
|
0-0: Called Strike 0-1: SINGLE (Line Drive, 9LS, EV 101.9 MPH)
|
|
Pinch Hitting: RHB Nick Wicker
|
0-0: Swinging Strike 0-1: Called Strike 0-2: Ball 1-2: Foul Ball, location: 2F 1-2: Fly out, F8 (Flyball, 8RM, EV 96.9 MPH)
|
|
Batting: LHB Carey Horncole
|
0-0: Ball 1-0: Foul Ball, location: 2F 1-1: Ball 2-1: Ball 3-1: Base on Balls Hugo Zacarias to second
|
|
Batting: SHB Ryan Doss
|
0-0: Ball 1-0: Swinging Strike 1-1: Ball 2-1: Ball 3-1: Foul Ball, location: 2F 3-2: Foul Ball, location: 2F 3-2: Strikes out looking
|
| Top of the 4th over - 2 runs, 2 hits, 0 errors, 2 left on base; San Francisco 6 - Pittsburgh 6 |
| BOTTOM OF THE 4TH |
|
Pittsburgh Pirates batting - Pitching for San Francisco Giants : RHP Curt Howland
|
|
Now at 2B: Sean Zielinski
|
|
|
Now in CF: Bill Defazio
|
|
|
Batting: SHB Brad Day
|
0-0: Called Strike 0-1: Ball 1-1: Foul Ball, location: 2F 1-2: Ball 2-2: Ground out 4-3 (Groundball, 4, EV 100.6 MPH)
|
|
Batting: RHB Chiel Palstermans
|
0-0: Called Strike 0-1: Foul Ball, location: 2F 0-2: Ball 1-2: Strikes out looking
|
|
Pinch Hitting: RHB David Contreras
|
0-0: Foul Ball, location: 2F 0-1: Ball 1-1: Reached via error on a dropped throw from 1B, E1 (Groundball, 34, EV 103.8 MPH)
|
|
Batting: SHB Marvin McAleer
|
0-0: Ball 1-0: Ball 2-0: Ball 3-0: Ground out 4-3 (Groundball, 4M, EV 108.8 MPH)
|
| Bottom of the 4th over - 0 runs, 0 hits, 1 error, 1 left on base; San Francisco 6 - Pittsburgh 6 |
| TOP OF THE 5TH |
|
San Francisco Giants batting - Pitching for Pittsburgh Pirates : LHP Tim Wichman
|
|
Pitching: RHP George Sechler
|
|
|
Now at 1B: Chris Pozzi
|
|
|
Now at 2B: David Contreras
|
|
|
Now in LF: Micah Boshnjaku
|
|
|
Now in CF: Sammy Roddenberry
|
|
|
Batting: LHB John Blair
|
0-0: Ball 1-0: Called Strike 1-1: Called Strike 1-2: Ball 2-2: Strikes out swinging, 2-3 out at first.
|
|
Batting: LHB Kevin Kantor
|
0-0: Swinging Strike 0-1: Fly out, F6 (Popup, 6MS, EV 85.0 MPH)
|
|
Batting: LHB Ryan Braden
|
0-0: Called Strike 0-1: Ball 1-1: Hit by Pitch
|
|
Batting: RHB John Creel
|
0-0: Ball 1-0: Called Strike 1-1: Ball 2-1: Foul Ball, location: 2F 2-2: Ball 3-2: SINGLE (Groundball, 34, EV 96.9 MPH) Ryan Braden to second Ryan Braden to third
|
|
Batting: LHB Jared Paige
|
0-0: Swinging Strike 0-1: Swinging Strike 0-2: Foul Ball, location: 2F 0-2: Ball 1-2: Ball 2-2: Strikes out swinging
|
| Top of the 5th over - 0 runs, 1 hit, 0 errors, 2 left on base; San Francisco 6 - Pittsburgh 6 |
| BOTTOM OF THE 5TH |
|
Pittsburgh Pirates batting - Pitching for San Francisco Giants : RHP Curt Howland
|
|
Pitching: RHP Lorenzo de Jesus
|
|
|
Now at 3B: Tyler Mapes
|
|
|
Pinch Hitting: RHB Raul Mendoza
|
0-0: Called Strike 0-1: Ball 1-1: Called Strike 1-2: Ball 2-2: Ball 3-2: Foul Ball, location: 2F 3-2: SOLO HOME RUN (Flyball, 7LD, EV 93.8 MPH), Distance : 371 ft
|
|
Pinch Hitting: SHB Trevor Weareorwear
|
0-0: Foul Ball, location: 2F 0-1: Ball 1-1: Swinging Strike 1-2: Foul Ball, location: 2F 1-2: Ball 2-2: Strikes out swinging
|
|
Pinch Hitting: LHB Jorge Quintana
|
0-0: Ball 1-0: Foul Ball, location: 2F 1-1: Ball 2-1: Ball 3-1: Base on Balls
|
|
Batting: RHB Chris Pozzi
|
0-0: Ball 1-0: Ball 2-0: Called Strike 2-1: Ball 3-1: Swinging Strike 3-2: Strikes out swinging
|
|
Batting: RHB Jason Moss
|
0-0: Called Strike Jorge Quintana steals 2nd base 0-1: Ball 1-1: Ball 2-1: Foul Ball, location: 2F 2-2: Ground out 4-3 (Groundball, 4, EV 91.2 MPH)
|
| Bottom of the 5th over - 1 run, 1 hit, 0 errors, 1 left on base; San Francisco 6 - Pittsburgh 7 |
| TOP OF THE 6TH |
|
San Francisco Giants batting - Pitching for Pittsburgh Pirates : RHP George Sechler
|
|
Pitching: RHP Jeremy Parsnip
|
|
|
Now at 3B: Trevor Weareorwear
|
|
|
Now in LF: Jorge Quintana
|
|
|
Now in RF: Raul Mendoza
|
|
|
Batting: RHB Sean Zielinski
|
0-0: Ball 1-0: Ball 2-0: Ball 3-0: Called Strike 3-1: Base on Balls
|
|
Batting: RHB Bill Defazio
|
0-0: Ball 1-0: Ball Sean Zielinski steals 2nd base 2-0: Ball 3-0: Called Strike 3-1: Ground out 6-3 (Groundball, 6MD, EV 92.5 MPH) Sean Zielinski to third
|
|
Batting: LHB Carey Horncole
|
0-0: Ball 1-0: Foul Ball, location: 2F 1-1: Ball 2-1: Ball 3-1: Base on Balls
|
|
Pinch Hitting: LHB Jack Henningar
|
0-0: Ball 1-0: Called Strike 1-1: Foul Ball, location: 2F 1-2: Ball 2-2: Strikes out swinging
|
|
Batting: LHB John Blair
|
0-0: Foul Ball, location: 2F 0-1: Foul Ball, location: 2F 0-2: Ball 1-2: Ball 2-2: Ball 3-2: Base on Balls Carey Horncole to second
|
|
Batting: LHB Kevin Kantor
|
0-0: Called Strike 0-1: Called Strike 0-2: Ball 1-2: Foul Ball, location: 2F 1-2: Ball 2-2: Ball 3-2: Strikes out looking
|
| Top of the 6th over - 0 runs, 0 hits, 0 errors, 3 left on base; San Francisco 6 - Pittsburgh 7 |
| BOTTOM OF THE 6TH |
|
Pittsburgh Pirates batting - Pitching for San Francisco Giants : RHP Lorenzo de Jesus
|
|
Pitching: RHP Ricky Fo
|
|
|
Now at 1B: Jack Henningar
|
|
|
Now at 2B: Kevin Kantor
|
|
|
Now at 3B: Sean Zielinski
|
|
|
Batting: SHB Brad Day
|
0-0: Swinging Strike 0-1: Ball 1-1: Ball 2-1: Fly out, F6 (Popup, 6, EV 63.1 MPH)
|
|
Pinch Hitting: RHB Bubba Tierney
|
0-0: Called Strike 0-1: Ball 1-1: Reached via error on a dropped throw from 1B, E1 (Groundball, 34, EV 88.1 MPH)
|
|
Batting: RHB David Contreras
|
0-0: Fielders Choice at 2nd, 6-4 (Groundball, 6, EV 82.5 MPH)
|
|
Batting: LHB Sammy Roddenberry
|
0-0: Swinging Strike 0-1: Foul Ball, location: 2F 0-2: Fielders Choice at 2nd, 5-4 (Groundball, 5L, EV 80.6 MPH)
|
| Bottom of the 6th over - 0 runs, 0 hits, 1 error, 1 left on base; San Francisco 6 - Pittsburgh 7 |
| TOP OF THE 7TH |
|
San Francisco Giants batting - Pitching for Pittsburgh Pirates : RHP Jeremy Parsnip
|
|
Pitching: RHP Antonio Alvarez
|
|
|
Now at SS: Bubba Tierney
|
|
|
Batting: LHB Ryan Braden
|
0-0: Ball 1-0: Ball 2-0: Foul Ball, location: 2F 2-1: Ball 3-1: Foul Ball, location: 2F 3-2: SINGLE (Line Drive, 6MD, EV 107.5 MPH)
|
|
Batting: RHB John Creel
|
0-0: Ball 1-0: Sac Bunt to 15S - play at first, batter OUT! 1-3 Ryan Braden to second
|
|
Batting: LHB Jared Paige
|
0-0: Foul Ball, location: 2F 0-1: Foul Ball, location: 2F 0-2: Ball 1-2: Strikes out swinging
|
|
Batting: RHB Sean Zielinski
|
0-0: Called Strike 0-1: Fly out, F7 (Flyball, 78D, EV 102.5 MPH)
|
| Top of the 7th over - 0 runs, 1 hit, 0 errors, 1 left on base; San Francisco 6 - Pittsburgh 7 |
| BOTTOM OF THE 7TH |
|
Pittsburgh Pirates batting - Pitching for San Francisco Giants : RHP Ricky Fo
|
|
Batting: RHB Raul Mendoza
|
0-0: Ball 1-0: Called Strike 1-1: Ground out 6-3 (Groundball, 6S, EV 78.8 MPH)
|
|
Batting: SHB Trevor Weareorwear
|
0-0: Swinging Strike 0-1: Ball 1-1: SINGLE (Groundball, 56D, EV 95.6 MPH)
|
|
Batting: LHB Jorge Quintana
|
0-0: Ball 1-0: Foul Ball, location: 2F 1-1: SINGLE (Line Drive, 89M, EV 109.4 MPH) Trevor Weareorwear to second
|
|
Batting: RHB Chris Pozzi
|
0-0: Called Strike 0-1: Fly out, F7 (Line Drive, 7, EV 97.5 MPH)
|
|
Batting: LHB Marc Carter
|
0-0: Ball 1-0: Called Strike 1-1: Foul Ball, location: 2F 1-2: Foul Ball, location: 2F 1-2: 3-RUN HOME RUN (Flyball, 7D, EV 104.4 MPH), Distance : 406 ft
|
|
Pitching: LHP Caleb Mullinax
|
|
|
Batting: SHB Brad Day
|
0-0: Called Strike 0-1: Ball 1-1: Ball 2-1: Ball 3-1: Ground out 4-3 (Groundball, 4, EV 81.2 MPH)
|
| Bottom of the 7th over - 3 runs, 3 hits, 0 errors, 0 left on base; San Francisco 6 - Pittsburgh 10 |
| TOP OF THE 8TH |
|
San Francisco Giants batting - Pitching for Pittsburgh Pirates : RHP Antonio Alvarez
|
|
Batting: RHB Bill Defazio
|
0-0: Ball 1-0: Ball 2-0: Foul Ball, location: 2F 2-1: Ball 3-1: Base on Balls
|
|
Batting: LHB Carey Horncole
|
0-0: Called Strike 0-1: Swinging Strike 0-2: Strikes out swinging
|
|
Batting: LHB Jack Henningar
|
0-0: Called Strike 0-1: Foul Ball, location: 2F 0-2: Ball 1-2: Ball 2-2: Ball 3-2: TRIPLE (Flyball, 89XD, EV 95.0 MPH) Bill Defazio scores
|
|
Batting: LHB John Blair
|
0-0: Ball 1-0: Called Strike 1-1: Ball 2-1: Fly out, F9 (Flyball, 9D, EV 93.8 MPH) Runner from 3rd tags up, SCORES, no throw by RF
|
|
Batting: LHB Kevin Kantor
|
0-0: Ball 1-0: Fly out, F8 (Line Drive, 78D, EV 91.2 MPH)
|
| Top of the 8th over - 2 runs, 1 hit, 0 errors, 0 left on base; San Francisco 8 - Pittsburgh 10 |
| BOTTOM OF THE 8TH |
|
Pittsburgh Pirates batting - Pitching for San Francisco Giants : LHP Caleb Mullinax
|
|
Pitching: LHP Chris Moris
|
|
|
Batting: RHB Bubba Tierney
|
0-0: Called Strike 0-1: Ball 1-1: Foul Ball, location: 2F 1-2: Ball 2-2: SINGLE (Line Drive, 8LS, EV 90.6 MPH)
|
|
Pinch Hitting: RHB Richard Barrios
|
0-0: Ball 1-0: Ball 2-0: Grounds into double play, 6-4-3 (Groundball, 6, EV 93.1 MPH)
|
|
Batting: LHB Sammy Roddenberry
|
0-0: Called Strike 0-1: Foul Ball, location: 2F 0-2: Fly out, F9 (Flyball, 9LM, EV 86.2 MPH)
|
| Bottom of the 8th over - 0 runs, 1 hit, 0 errors, 0 left on base; San Francisco 8 - Pittsburgh 10 |
| TOP OF THE 9TH |
|
San Francisco Giants batting - Pitching for Pittsburgh Pirates : RHP Antonio Alvarez
|
|
Pitching: RHP Robby Poyfair
|
|
|
Now at 2B: Richard Barrios
|
|
|
Batting: LHB Ryan Braden
|
0-0: Fly out, F5 (Popup, 5F, EV 63.1 MPH)
|
|
Pinch Hitting: SHB Bill Dooms
|
0-0: Ball 1-0: Ball 2-0: Ball 3-0: Called Strike 3-1: Base on Balls
|
|
Batting: LHB Jared Paige
|
0-0: Called Strike 0-1: Ball 1-1: Foul Ball, location: 2F 1-2: Ball 2-2: Foul Ball, location: 2F 2-2: Strikes out swinging
|
|
Batting: RHB Sean Zielinski
|
0-0: Called Strike 0-1: Ball 1-1: Foul Ball, location: 2F 1-2: Strikes out swinging
|
| Top of the 9th over - 0 runs, 0 hits, 0 errors, 1 left on base; San Francisco 8 - Pittsburgh 10 |
|